 Dungeon Crawl Stone Soup version 0.30.0-29-ga12c61a403 (webtiles) character file.

Game seed: 16108324007652739079

568 cheesebisquit the Trooper (level 7, 0/61 HPs)
             Began as a Ghoul Necromancer on June 7, 2023.
             Slain by an iguana (5 damage)
             ... on level 4 of the Dungeon.
             The game lasted 00:12:54 (3010 turns).

cheesebisquit the Trooper (Ghoul Necromancer)       Turns: 3010, Time: 00:12:55

Health: 0/61       AC: 12    Str: 12    XL:     7   Next: 33%
Magic:  8/8        EV:  3    Int: 12    God:
Gold:   183        SH:  5    Dex:  9    Spells: 8/9 levels left

rFire   . . .        l - +1 mace (venom)
rCold   + . .        (no shield)
rNeg    + + +        g - +0 plate armour
rPois   ∞            (no helmet)
rElec   .            (no cloak)
rCorr   .            (no gloves)
SInv    .            (no boots)
Will    .....        q - amulet of reflection Stlth
                     (no ring)
HPRegen 0.00/turn    (no ring)
MPRegen 0.11/turn

%: reflection
@: inhibited regen
A: claws 1, cold resistance 1, negative energy resistance 3, inhibited
regeneration, torment resistance 2, devour on kill
a: no special abilities


You were on level 4 of the Dungeon.
You visited 1 branch of the dungeon, and saw 4 of its levels.

You collected 183 gold pieces.

Inventory:

Hand Weapons
 h - a +0 hand axe
 l - a +1 mace of venom (weapon)
 s - a +0 flail
Missiles
 t - 2 silver javelins (quivered)
Armour
 c - a +0 leather armour
 g - a +0 plate armour (worn)
Jewellery
 q - an amulet of reflection (around neck)
Wands
 p - a wand of iceblast (3)
Scrolls
 b - 5 scrolls of identify {unknown}
 d - 2 scrolls of teleportation {unknown}
 f - 2 scrolls of blinking {unknown}
 i - a scroll of torment {unknown}
 j - a scroll of enchant armour {unknown}
 k - a scroll of brand weapon {unknown}
 m - a scroll of poison {unknown}
 u - a scroll of magic mapping {unknown}
Potions
 a - a potion of lignification {unknown}
 e - 3 potions of heal wounds {unknown}
 r - 2 potions of degeneration {unknown}
 v - a potion of brilliance {unknown}


   Skills:
 - Level 5.0 Fighting
 - Level 5.0 Armour
 + Level 2.4 Dodging
 - Level 2.1 Stealth
 - Level 1.7 Spellcasting
 - Level 4.0 Necromancy


You had 8 spell levels left.
You knew the following spells:

 Your Spells              Type           Power      Damage    Failure   Level
a - Necrotise             Necr           40%        1d6       100%        1

Your spell library contained the following spells:

 Spells                   Type           Power      Damage    Failure   Level
 Vampiric Draining        Necr           10%        2d6       100%        3
 Animate Dead             Necr           10%        N/A       100%        4
 Agony                    Necr           10%        N/A       100%        5


Dungeon Overview and Level Annotations

Branches:
Dungeon (4/15)
 Temple: D:4-7

Altars:


Innate Abilities, Weirdness & Mutations

You are immune to poison.
You have sharp fingernails.
Your flesh is cold resistant. (rC+)
You are immune to negative energy. (rN+++)
You do not regenerate when monsters are visible.
You are immune to unholy pain and torment.
You thrive by killing the living.


Message History

The ogre is poisoned.
You throw a poisoned dart. The poisoned dart hits the ogre.
The ogre looks even sicker.
The ogre is lightly wounded.
You throw a poisoned dart. The poisoned dart hits the ogre.
The ogre looks even sicker.
The ogre is lightly wounded.
You sock the ogre!
The ogre looks as sick as possible!
The ogre is moderately wounded.
The ogre hits you with a +0 giant club!!
The ogre attacks as you move away!
The ogre hits you with a +0 giant club!!
You feel better.
The ogre hits you with a +0 giant club!!
* * * LOW HITPOINT WARNING * * *
You kill the ogre!
Training target 5.0 for Armour reached!
Your Armour skill increases to level 5!
You need to enable at least one skill for training.
Your Dodging skill increases to level 2!
An iguana comes into view.
Items here: ))) [ †.
You are too injured to fight recklessly!
Throw: dart (poison)
Press: ? - help, Q - select action, (/) - cycle Shift-Dir - straight line, f - iguana
Aim: an iguana (60% to hit)
You throw a poisoned dart.
The poisoned dart barely misses the iguana.
Throw: 3 javelins (silver)
Press: ? - help, Q - select action, (/) - cycle Shift-Dir - straight line, f/p - iguana
Aim: an iguana (60% to hit)
You throw a silver javelin.
The silver javelin pierces through the iguana.
The iguana is lightly wounded.
You hit the iguana.
The iguana is poisoned.
The iguana is moderately wounded.
The iguana bites you!
* * * LOW HITPOINT WARNING * * *
The iguana bites you.
You die...

#.# #.......# #.#
##.#....##.# #.#
#........# #.#
#........#
..###(######.......#
#..#..(..†........##.#
#......#######....# #
#.##.##l..####.####
#.##@.......#
#........#..#
#............
##.......##..
###)..### ##...#
#...## #.### #.#


You could see an iguana (very poisoned).

Vanquished Creatures
  Grinder (D:3)
  2 ogres
  An orc priest (D:3)
  Jessica (D:1)
  An orc wizard (D:3)
  Ijyb (D:3)
  Natasha (D:1)
  An adder (D:2)
  2 dart slugs
  5 orcs
  3 endoplasms
  4 giant cockroaches
  6 goblins
  6 hobgoblins
  4 jackals (D:3)
  4 kobolds
  3 quokkas
  7 ball pythons
  8 bats
  3 frilled lizards (D:1)
  3 rats
67 creatures vanquished.

Vanquished Creatures (others)
  A bat (D:3)
1 creature vanquished.

Grand Total: 68 creatures vanquished

Notes
Turn   | Place    | Note
-------+----------+-------------------------------------------
     0 | D:1      | cheesebisquit the Ghoul Necromancer began the quest for the
                  | Orb.
     0 | D:1      | Reached XP level 1. HP: 14/14 MP: 2/2
    40 | D:1      | Reached skill level 1 in Fighting
    93 | D:1      | Found a faded altar of an unknown god.
   178 | D:1      | Reached XP level 2. HP: 24/24 MP: 0/3
   774 | D:1      | Reached XP level 3. HP: 30/30 MP: 0/4
  1531 | D:2      | Noticed Natasha
  1532 | D:2      | Noticed Jessica
  1544 | D:1      | Killed Natasha
  1545 | D:1      | Reached XP level 4. HP: 28/40 MP: 5/5
  1593 | D:1      | Killed Jessica
  1667 | D:3      | Noticed Ijyb
  1968 | D:3      | Reached XP level 5. HP: 47/47 MP: 6/6
  1984 | D:3      | Killed Ijyb
  1985 | D:3      | Reached skill level 5 in Fighting
  1985 | D:3      | Reached skill level 1 in Armour
  2024 | D:3      | Noticed Grinder
  2202 | D:3      | Paralysed by Grinder for 5 turns
  2204 | D:3      | Killed Grinder
  2205 | D:3      | Reached XP level 6. HP: 40/56 MP: 7/7
  2690 | D:3      | Reached XP level 7. HP: 46/61 MP: 8/8
  2981 | D:4      | Reached skill level 5 in Armour
  3010 | D:4      | Slain by an iguana

Illustrated notes

Levels and vault maps discovered:
D:1:      lemuel_arrival_muddy, layout_basic, basic_ecumenical_altar,
          serial_bayou, serial_bayou_crossing, serial_bayou_pond_a,
          serial_bayou_lagoon_a, serial_bayou_pond_e, minmay_pentomino_u4
D:2:      layout_rooms, corexii_hall_statues_i, uniq_natasha, uniq_jessica
D:3:      layout_rooms, uniq_ijyb, uniq_grinder
D:4:      layout_loops_ring, kennysheep_mini_moat, mainiacjoe_overflow_alcove_4,
          minmay_temple_entry_hall, lightli_corner_chamber

Skill      XL: |  1  2  3  4  5  6  7 |
---------------+----------------------+-----
Fighting       | 1 2 4 5 |  5.0
Armour         | 3 4 5 |  5.0
Dodging        | 2 |  2.4
Stealth        | |  2.1
Spellcasting   | |  1.7
Necromancy     | |  4.0

Action                     |  1- 3 |  4- 6 |  7- 9 || total
---------------------------+-------+-------+-------++-------
  Melee: Unarmed           |    10 |       |       ||    10
         Dagger            |    77 |       |       ||    77
         Punch             |     1 |       |       ||     1
         Mace              |    46 |    48 |    18 ||   112
  Throw: Dart              |       |     7 |     7 ||    14
         Javelin           |       |       |     1 ||     1
   Cast: Necrotise         |    39 |       |       ||    39
  Evoke: Wand              |       |     3 |       ||     3
    Use: Potion            |     1 |       |     1 ||     2
 Armour: Robe              |     2 |       |       ||     2
         Leather armour    |    18 |       |       ||    18
         Plate armour      |    81 |    39 |    12 ||   132
  Dodge: Dodged            |    55 |     2 |     4 ||    61
  Block: Other             |       |     5 |     7 ||    12
